 Dungeon Crawl Stone Soup version 0.29-a0-330-g52719c12eb (webtiles) character file.

Game seed: 15250133770164014345

2391 HoaS the Sharpshooter (level 9, 0/56 HPs)
             Began as a Kobold Hunter on May 18, 2022.
             Slain by a troll (7 damage)
             ... on level 6 of the Dungeon.
             The game lasted 00:12:39 (5417 turns).

HoaS the Sharpshooter (Kobold Hunter)               Turns: 5417, Time: 00:12:39

Health: 0/56       AC: 12    Str: 14    XL:     9   Next: 74%
Magic:  9/9        EV: 18    Int: 10    God:
Gold:   238        SH:  5    Dex: 23    Spells: 8/8 levels left

rFire   . . .      SeeInvis .   a - +3 hand crossbow
rCold   . . .      Faith    .   (no shield)
rNeg    . . .      Spirit   .   j - +1 troll leather armour {Pargi}
rPois   .          Reflect  +   (no helmet)
rElec   .          Harm     .   n - +1 cloak
rCorr   .          Rampage  .   x - +0 pair of gloves
Will    .....                   (no boots)
Stlth   +++.......              k - amulet of reflection
HPRegen 0.98/turn               e - +4 ring of protection
MPRegen 0.11/turn               b - +6 ring of strength

@: no status effects
A: small, no large weapons, nightstalker 3
a: no special abilities


You were on level 6 of the Dungeon.
You visited 1 branch of the dungeon, and saw 6 of its levels.
You also visited: Sewer.

You collected 238 gold pieces.

Inventory:

Hand Weapons
 a - a +3 hand crossbow (weapon)
Armour
 j - a +1 troll leather armour (worn) {Pargi}
 n - a +1 cloak (worn)
 x - a +0 pair of gloves (worn)
Jewellery
 b - a +6 ring of strength (right hand)
 d - a ring of fire
 e - a +4 ring of protection (left hand)
 g - a ring of ice
 k - an amulet of reflection (around neck)
 r - a ring of flight
Wands
 w - a wand of flame (17)
Scrolls
 c - a scroll of immolation
 i - 2 scrolls of magic mapping
 l - 2 scrolls of teleportation
 p - 2 scrolls of fog
 t - a scroll of blinking
 u - 3 scrolls of identify
 v - a scroll of summoning
Potions
 f - 4 potions of curing
 h - a potion of ambrosia
 m - 3 potions of mutation
 o - a potion of resistance
 s - a potion of cancellation
 z - a potion of flight {unknown}


   Skills:
 * Level 6.3 Fighting
 - Level 18.5 Crossbows
 + Level 1.5 Armour
 + Level 5.1 Dodging
 - Level 1.3 Stealth


You had 8 spell levels left.
You didn't know any spells.
Your spell library contained the following spells:

 Spells                   Type           Power      Damage    Failure   Level
 Slow                     Hex            0%         N/A       43%         1
 Confusing Touch          Hex            0%         N/A       80%         3
 Vampiric Draining        Necr           0%         2d6       80%         3
 Freezing Cloud           Conj/Ice/Air   0%         6-21      100%        5
 Simulacrum               Ice/Necr       0%         N/A       100%        6
 Polar Vortex             Ice            0%         N/A       100%        9


Dungeon Overview and Level Annotations

Branches:
Dungeon (6/15)              Sewer (visited)
 Temple: D:4-7

Altars:
Sif Muna

Shops:
D:1 *


Innate Abilities, Weirdness & Mutations

You are small and have problems with some larger weapons.
You are completely attuned to the shadows.


Message History

The troll closely misses you.
Shoot: a) +3 hand crossbow
Press: ? - help, Q - select action, (/) - cycle Shift-Dir - straight line, f/p - troll
Aim: a troll (heavily wounded, 75% to hit)
You shoot a bolt. The bolt hits the troll!
The troll is severely wounded.
The troll bites you but does no damage. The troll completely misses you.
The troll claws you.
* * * LOW HITPOINT WARNING * * *
Shoot: a) +3 hand crossbow
Press: ? - help, Q - select action, (/) - cycle Shift-Dir - straight line, f/p - troll
Aim: a troll (severely wounded, 75% to hit)
You shoot a bolt. The bolt barely misses the troll.
The troll misses you. x2; You block the troll's attack.
Shoot: a) +3 hand crossbow
Press: ? - help, Q - select action, (/) - cycle Shift-Dir - straight line, f/p - troll
Aim: a troll (severely wounded, 75% to hit)
You shoot a bolt. The bolt barely misses the troll.
You block the troll's attack. x2; The troll closely misses you.
Shoot: a) +3 hand crossbow
Press: ? - help, Q - select action, (/) - cycle Shift-Dir - straight line, f/p - troll
Aim: a troll (heavily wounded, 75% to hit)
You shoot a bolt. The bolt hits the troll!
The troll is severely wounded.
The troll bites you but does no damage. The troll barely misses you.
The troll claws you but does no damage.
Shoot: a) +3 hand crossbow
Press: ? - help, Q - select action, (/) - cycle Shift-Dir - straight line, f/p - troll
Aim: a troll (severely wounded, 75% to hit)
You shoot a bolt. The bolt hits the troll!
The troll is almost dead.
The troll completely misses you. The troll claws you.
* * * LOW HITPOINT WARNING * * *
You block the troll's attack.
Shoot: a) +3 hand crossbow
Press: ? - help, Q - select action, (/) - cycle Shift-Dir - straight line, f/p - troll
Aim: a troll (almost dead, 75% to hit)
You shoot a bolt. The bolt barely misses the troll.
The troll bites you but does no damage. The troll claws you!
You die...

#..)..# #
###)#####
##.####<)....
##
#..#.........
#.
###.........#.
F#y##.#.#####.#
#S##..#.# .#
#T#.....#
#..#@.###.#
....#..# #.#
###.#..# #.#
..#... ..#
##..#


You could see a troll, a bullfrog and an adder.

Vanquished Creatures
  Prince Ribbit (D:5)
  Sigmund (D:2)
  A water moccasin (D:5)
  Pargi (Sewer)
  A black bear (D:5)
  An ogre (D:5)
  Blork the orc (D:4)
  A kobold brigand (D:5)
  A scorpion (D:5)
  5 wights (D:3)
  A howler monkey (D:5)
  5 hounds
  Crazy Yiuf (D:4)
  An orc priest (D:3)
  2 iguanas (D:5)
  Terence (D:2)
  7 adders
  A shadow imp (D:5)
  3 ufetubi
  A worm (D:2)
  3 dart slugs
  7 orcs
  5 ball pythons
  6 endoplasms
  3 giant cockroaches
  11 goblins
  7 hobgoblins
  5 jackals (Sewer)
  4 quokkas
  5 bats
  2 frilled lizards (D:3)
  13 kobolds
  8 rats
116 creatures vanquished.

Notes
Turn   | Place    | Note
-------+----------+-------------------------------------------
     0 | D:1      | HoaS the Kobold Hunter began the quest for the Orb.
     0 | D:1      | Reached XP level 1. HP: 12/12 MP: 1/1
   172 | D:1      | Reached XP level 2. HP: 17/17 MP: 2/2
   184 | D:1      | Reached skill level 6 in Crossbows
   218 | D:1      | Found Liqeoc's Assorted Antiques.
   294 | D:1      | Found a faded altar of an unknown god.
   745 | D:2      | Reached XP level 3. HP: 21/21 MP: 3/3
  1342 | D:2      | Noticed Terence
  1347 | D:2      | Killed Terence
  1348 | D:2      | Reached skill level 7 in Crossbows
  1348 | D:2      | Reached XP level 4. HP: 20/26 MP: 4/4
  1627 | D:2      | Noticed Sigmund
  1798 | D:2      | Killed Sigmund
  1799 | D:2      | Reached skill level 9 in Crossbows
  1799 | D:2      | Reached XP level 5. HP: 29/30 MP: 5/5
  1799 | D:2      | Reached XP level 6. HP: 33/35 MP: 6/6
  2637 | D:3      | Reached skill level 10 in Crossbows
  2944 | D:3      | Reached XP level 7. HP: 40/40 MP: 7/7
  3418 | D:4      | Noticed Blork the orc
  3436 | D:4      | Killed Blork the orc
  3648 | D:4      | Found a glowing drain.
  3654 | Sewer    | Entered a sewer
  3703 | Sewer    | Noticed Pargi
  3718 | Sewer    | Killed Pargi
  3719 | Sewer    | Reached skill level 5 in Fighting
  3719 | Sewer    | Reached XP level 8. HP: 49/49 MP: 8/8
  3985 | D:4      | Reached skill level 18 in Crossbows
  3985 | D:4      | Reached XP level 9. HP: 54/54 MP: 9/9
  4104 | D:4      | Found a shimmering blue altar of Sif Muna.
  4180 | D:4      | Found a runed translucent door.
  4183 | D:4      | Noticed Crazy Yiuf
  4188 | D:4      | Killed Crazy Yiuf
  4686 | D:5      | Entered Level 5 of the Dungeon
  4979 | D:5      | Reached skill level 1 in Armour
  5255 | D:5      | Reached skill level 5 in Dodging
  5337 | D:6      | Noticed Prince Ribbit
  5367 | D:5      | Killed Prince Ribbit
  5395 | D:6      | Noticed a troll
  5417 | D:6      | Slain by a troll

Illustrated notes

Levels and vault maps discovered:
D:1:      amcnicky_arrival_single_pillar, layout_rooms,
          hellmonk_ecumenical_altar_prayer_group, serial_shops, shop
D:2:      layout_basic, serial_co_window_serial, co_window_paths_a,
          co_window_paths_b, co_window_paths_a, co_window_of_opportunity_a,
          co_window_of_opportunity_a, co_window_2corner, co_window_2corner,
          co_window_unsneaky_path_e, co_window_sun, glass_columns_a,
          glass_columns_c, glass_columns_a, glass_columns_a, uniq_terence,
          uniq_sigmund
D:3:      layout_basic
D:4:      layout_loops_ring, mainiacjoe_overflow_brackets, portal_sewer_entry_a,
          uniq_blork_the_orc, uniq_crazy_yiuf_cottage
D:5:      layout_rooms
D:6:      layout_loops_ring, minmay_temple_entry_sparse_star,
          minmay_manual_macuahuitl, uniq_prince_ribbit1, uniq_pikel, uniq_maggie

Skill      XL: |  1  2  3  4  5  6  7  8  9 |
---------------+----------------------------+-----
Crossbows      | 6 7 9 10 18 | 18.5
Fighting       | 5 6 |  6.3
Dodging        | 4 5 |  5.1
Armour         | 1 |  1.5
Stealth        | |  1.3

Action                   |  1- 3 |  4- 6 |  7- 9 || total
-------------------------+-------+-------+-------++-------
 Fire: Hand crossbow     |    61 |    70 |   266 ||   397
  Use: Scroll            |     5 |     4 |    11 ||    20
       Potion            |       |     1 |     3 ||     4
Armor: Leather armour    |     2 |       |       ||     2
       Ring mail         |     2 |     9 |    17 ||    28
       Troll leather arm |       |       |    49 ||    49
Dodge: Dodged            |    15 |    35 |   147 ||   197
Block: Other             |       |       |    55 ||    55
       Reflection        |       |       |     1 ||     1

Table legend: (Time is in decaauts)
 A = Elapsed time spent in this place.
 B = Non-inter-level travel time spent in this place.
 C = Inter-level travel time spent in this place.
 D = Time resting spent in this place.
 E = Time spent auto-exploring this place.
 F = Levels seen in this place.
 G = Mean time per level.
                   A        B        C        D        E       F      G
               +--------+--------+--------+--------+--------+-----+--------+
         Total |   5454 |   5290 |    164 |   1065 |   3330 |   7 |  779.1 |
       Dungeon |   5176 |   5012 |    164 |    965 |   3210 |   6 |  862.7 |
         Sewer |    278 |    278 |      0 |    100 |    119 |   1 |  278.0 |
               +--------+--------+--------+--------+--------+-----+--------+

Top non-repeatable levels by time:
     D:2: 1362 daAuts
     D:3: 1308 daAuts
     D:4: 1098 daAuts
     D:5: 682 daAuts
     D:1: 669 daAuts
   Sewer: 278 daAuts
     D:6: 54 daAuts
